 Dungeon Crawl Stone Soup version 0.31-a0-187-gba352fbbf7 (webtiles) character file.

Game seed: 444878233912000320

98 qw the Shooter (level 4, -8/25 HPs)
             Began as a Deep Elf Hunter on June 22, 2023.
             Killed from afar by Sigmund (12 damage)
             ... with a puff of flame
             ... on level 3 of the Dungeon.
             The game lasted 00:00:43 (1719 turns).

qw the Shooter (Deep Elf Hunter)                    Turns: 1719, Time: 00:00:44

Health: -8/25      AC:  8    Str: 10    XL:     4   Next: 43%
Magic:  6/6        EV: 11    Int: 14    God:
Gold:   101        SH:  0    Dex: 18    Spells: 3/3 levels left

rFire   . . .        Y - +3 shortbow
rCold   . . .        (shield currently unavailable)
rNeg    . . .        j - +0 ring mail
rPois   .            b - +0 helmet
rElec   .            (no cloak)
rCorr   .            (no gloves)
SInv    .            (no boots)
Will    .....        (no amulet)
Stlth   +            (no ring)
HPRegen 0.24/turn    (no ring)
MPRegen 0.10/turn

%: no passive effects
@: no status effects
A: iridescent scales 1, high MP 1
a: no special abilities


You were on level 3 of the Dungeon.
You visited 1 branch of the dungeon, and saw 3 of its levels.

You collected 101 gold pieces.


Innate Abilities, Weirdness & Mutations

You are partially covered in iridescent scales. (AC +2)
You have an increased reservoir of magic. (+10% MP)


   Skills:
 - Level 1.5 Fighting
 + Level 7.9 Ranged Weapons
 - Level 2.4 Dodging
 - Level 1.2 Stealth


You had 3 spell levels left.
You didn't know any spells.
Your spell library was empty.

Inventory:

Hand Weapons
 Y - a +3 shortbow (weapon)
Armour
 b - a +0 helmet (worn)
 j - a +0 ring mail (worn)
Scrolls
 d - a scroll of noise {unknown}
 f - a scroll of teleportation {unknown}
 k - a scroll of identify
Potions
 a - a potion of cancellation {unknown}
 c - a potion of ambrosia {unknown}
 e - a potion of haste
 i - 2 potions of mutation
 l - a potion of enlightenment {unknown}

Dungeon Overview and Level Annotations

Branches:
Dungeon (3/15)

Altars:

Annotations:
D:3 Sigmund


Message History

Enter note: Sigmund and an orc come into view.
The orc shouts!
Sigmund gestures wildly while chanting.
Sigmund flickers and vanishes!
Deactivating autopickup; reactivate with Ctrl-A.
Enter note: You shoot an arrow.
The arrow barely misses the orc.
You shoot an arrow. The arrow hits the orc.
The orc is severely wounded.
The orc hits you with a +0 club.
You shoot an arrow. The arrow closely misses the orc.
The orc closely misses you. Something hits you!
You shoot an arrow. The arrow barely misses the orc.
The arrow hits the orc!
You kill the orc!
The orc hits you but does no damage. Something hits you but does no damage.
You shoot an arrow. The arrow hits the orc!
You kill the orc!
You shoot an arrow.
You hear some strange, mumbled words.
A puff of flame appears from out of thin air!
The puff of flame hits you!
You shoot an arrow. Something hits you but does no damage.
You shoot an arrow. Something hits you!
An orc comes into view. It is wielding a +0 club.
1712 ||| FLEEEEING.
Something hits you but does no damage.
1713 ||| FLEEEEING.
1714 ||| STILL FLEEEEING.
1715 ||| STILL FLEEEEING.
1716 ||| STILL FLEEEEING.
Enter note:
1717 ||| STILL FLEEEEING.
1718 ||| STILL FLEEEEING.
1719 ||| STILL FLEEEEING.
A puff of flame appears from out of thin air!
The puff of flame hits you!
You die...

#......# #.#...#.###
#....#.# #.......#
##########..#.#.#
###...###
#.......##..#.#.# #...#
#.......##......#######..
#.>.....##..###.........
#...........# #........
#.......###.###........
#.......# #...@.#######
#.......# ###.###
######### ##.# #..# #{##
#.# # #.# ....###.#
#.o.).).#


There were no monsters in sight!

Vanquished Creatures
  2 adders (D:2)
  A worm (D:2)
  2 dart slugs
  2 orcs (D:3)
  3 ball pythons
  6 bats
  7 endoplasms
  A giant cockroach (D:1)
  7 goblins
  8 hobgoblins
  4 jackals (D:2)
  3 quokkas
  5 frilled lizards
  7 kobolds
  6 rats
64 creatures vanquished.

Notes
Turn   | Place    | Note
-------+----------+-------------------------------------------
     0 | D:1      | qw the Deep Elf Hunter began the quest for the Orb.
     0 | D:1      | Reached XP level 1. HP: 12/12 MP: 3/3
     0 | D:1      | 0 ||| qw: Version: 0.3-a-9-g12657ce
     0 | D:1      | 0 ||| qw: Game counter: 2331
     0 | D:1      | 0 ||| qw: Always use a shield: true
     0 | D:1      | 0 ||| qw: God list: Okawaru
     0 | D:1      | 0 ||| qw: Allow faded altars: false
     0 | D:1      | 0 ||| qw: Do Orc after D:15 true
     0 | D:1      | 0 ||| qw: Do second Lair branch before Depths: true
     0 | D:1      | 0 ||| qw: Lair rune preference: random
     0 | D:1      | 0 ||| qw: Plans: Normal
     0 | D:1      | 0 ||| PLANNING D:1-11
     3 | D:1      | Noticed an electric eel
     4 | D:1      | Noticed an electric eel
    92 | D:1      | Found a faded altar of an unknown god.
    99 | D:1      | Reached XP level 2. HP: 16/16 MP: 4/4
   115 | D:1      | Reached skill level 6 in Ranged Weapons
   514 | D:1      | Reached XP level 3. HP: 20/20 MP: 5/5
   786 | D:1      | 786 ||| UPGRADING to +0 ring mail.
   796 | D:1      | 796 ||| DROPPING +0 leather armour.
   797 | D:1      | 797 ||| READING scroll labelled RAEMNE WICS.
   798 | D:1      | 798 ||| READING 2 scrolls labelled TOETOU GECHEUQ.
   799 | D:1      | 799 ||| READING scroll of enchant weapon.
   799 | D:1      | 799 ||| ENCHANTING +1 shortbow.
   800 | D:1      | 800 ||| READING scroll labelled OBAARYVVUE.
   901 | D:1      | 901 ||| READING 3 scrolls labelled TEKHLOD IDWI.
   902 | D:1      | 902 ||| DRINKING 2 gluggy clear potions.
   903 | D:1      | 903 ||| READING 2 scrolls of identify.
   903 | D:1      | 903 ||| IDENTIFYING fuming blue potion
   904 | D:1      | 904 ||| DROPPING scroll of butterflies.
   905 | D:1      | 905 ||| DROPPING potion of berserk rage.
   952 | D:2      | Reached skill level 7 in Ranged Weapons
  1203 | D:2      | Reached XP level 4. HP: 25/25 MP: 6/6
  1590 | D:2      | 1590 ||| UPGRADING to +0 helmet.
  1595 | D:2      | 1595 ||| DRINKING 3 bubbling green potions.
  1595 | D:2      | Gained mutation: You have an increased reservoir of magic.
                  | (+10% MP) [potion of mutation]
  1595 | D:2      | Gained mutation: You are partially covered in iridescent
                  | scales. (AC +2) [potion of mutation]
  1636 | D:3      | 1636 ||| READING scroll of enchant weapon.
  1636 | D:3      | 1636 ||| ENCHANTING +2 shortbow.
  1702 | D:3      | Noticed Sigmund
  1711 | D:3      | HP: 2/25 [something (9)]
  1712 | D:3      | 1712 ||| FLEEEEING.
  1713 | D:3      | 1713 ||| FLEEEEING.
  1719 | D:3      | Killed from afar by Sigmund

Levels and vault maps discovered:
D:1:      arrival_aquarium_b, layout_loops_cross,
          shapermc_ecumenical_altar_mp_ritualfount, minmay_misc_feat_iff,
          solitary_fountain
D:2:      kb_forest_paths, layout_basic, kennysheep_generic_room_13
D:3:      layout_loops_cross, nicolae_tso_swordbearing_angel,
          nicolae_overflow_hidden_temple, serial_shops, nicolae_lakefront_shop,
          minmay_crystal_water, uniq_robin, uniq_sigmund

Skill      XL: |  1  2  3 |
---------------+----------+-----
Ranged Weapons | 6 7 |  7.9
Fighting       | |  1.5
Dodging        | |  2.4
Stealth        | |  1.2

Action                     |  1- 3 |  4- 6 || total
---------------------------+-------+-------++-------
   Fire: Shortbow          |   118 |    44 ||   162
    Use: Scroll            |     6 |     1 ||     7
         Potion            |     1 |     1 ||     2
 Armour: Leather armour    |    11 |       ||    11
         Ring mail         |     9 |     4 ||    13
  Dodge: Dodged            |    29 |     8 ||    37

Table legend:
 A = Non-vault XP
 B = Vault XP
 C = Vault XP percentage of total XP
 D = Non-vault monster count
 E = Vault monster count
 F = Vault count percentage of total count
                 A         B        C        D         E       F
            +---------+---------+-------+---------+---------+-------
      Total |     122 |      18 |  12.9 |      56 |       8 |  12.5
            +---------+---------+-------+---------+---------+-------
        D:1 |      48 |       0 |   0.0 |      30 |       0 |   0.0
        D:2 |      65 |      18 |  21.7 |      22 |       8 |  26.7
        D:3 |       9 |       0 |   0.0 |       4 |       0 |   0.0
            +---------+---------+-------+---------+---------+-------
